 Dungeon Crawl Stone Soup version 0.28.0 (webtiles) character file.

Game seed: 1464047996592245918

43 Findor the Ducker (level 3, -2/20 HPs)
             Began as a Tengu Earth Elementalist on Feb 12, 2022.
             Slain by Terence (4 damage)
             ... on level 2 of the Dungeon.
             The game lasted 00:03:33 (1912 turns).

Findor the Ducker (Tengu Earth Elementalist)        Turns: 1912, Time: 00:03:34

Health: -2/20      AC:  3    Str:  8    XL:     3   Next: 58%
Magic:  0/7        EV: 12    Int: 17    God:
Gold:   67         SH:  0    Dex: 14    Spells: 3/7 levels left

rFire   . . .      SeeInvis .   a - +0 dagger
rCold   . . .      Faith    +   (no shield)
rNeg    . . .      Spirit   .   b - +0 robe
rPois   .          Reflect  .   (helmet restricted)
rElec   .          Harm     .   (no cloak)
rCorr   .          Rampage  .   h - +0 pair of gloves
Will    .....                   (boots unavailable)
Stlth   ++........              f - amulet of faith {!P}
HPRegen 0.06/turn               (no ring)
MPRegen 0.10/turn               (no ring)

@: no status effects
A: beak, talons 3
a: no special abilities


You were on level 2 of the Dungeon.
You visited 1 branch of the dungeon, and saw 2 of its levels.

You collected 67 gold pieces.


Innate Abilities, Weirdness & Mutations

You have a beak for a mouth.
You have claws for feet.


   Skills:
 + Level 0.6 Fighting
 + Level 0.9 Armour
 + Level 2.6 Dodging
 + Level 2.4 Stealth
 + Level 2.5 Spellcasting
 * Level 0.3 Conjurations
 - Level 1.0 Transmutations
 - Level 2.2 Earth Magic


You had 3 spell levels left.
You knew the following spells:

 Your Spells              Type           Power      Damage    Failure   Level
a - Sandblast             Erth           18%        2d7       8%          1
b - Stone Arrow           Conj/Erth      12%        3d7       32%         3

Your spell library contained the following spells:

 Spells                   Type           Power      Damage    Failure   Level
 Passwall                 Tmut/Erth      5%         N/A       14%         2
 Petrify                  Tmut/Erth      7%         N/A       67%         4

Inventory:

Hand Weapons
 a - a +0 dagger (weapon)
   (You took it off a goblin on level 1 of the Dungeon)
 e - a +0 spear
   (You found it on level 1 of the Dungeon)
Missiles
 c - 77 stones
Armour
 b - a +0 robe (worn)
 h - a +0 pair of gloves (worn)
   (You found it on level 2 of the Dungeon)
Jewellery
 f - an amulet of faith (around neck) {!P}
   (You found it on level 1 of the Dungeon)
Scrolls
 d - a scroll of identify {unknown}
 g - a scroll of teleportation {unknown}


Message History

Casting: Sandblast (safe; 8% risk of failure)
Aiming: Sandblast (safe; 8% risk of failure)
Press: ? - help, Shift-Dir - straight line, f - Terence
Aim: Terence, wielding a +0 hand axe and wearing a +0 scale mail (81% to hit)
The blast of sand hits Terence.
Terence barely misses you.
Casting: Sandblast (safe; 8% risk of failure)
Aiming: Sandblast (safe; 8% risk of failure)
Press: ? - help, Shift-Dir - straight line, f/p - Terence
Aim: Terence, wielding a +0 hand axe and wearing a +0 scale mail (lightly wounded, 81% to hit)
The blast of sand hits Terence but does no damage.
Terence closely misses you.
Casting: Sandblast (safe; 8% risk of failure)
Aiming: Sandblast (safe; 8% risk of failure)
Press: ? - help, Shift-Dir - straight line, f/p - Terence
Aim: Terence, wielding a +0 hand axe and wearing a +0 scale mail (lightly wounded, 81% to hit)
The blast of sand hits Terence.
Terence closely misses you.
Casting: Sandblast (safe; 8% risk of failure)
Aiming: Sandblast (safe; 8% risk of failure)
Press: ? - help, Shift-Dir - straight line, f/p - Terence
Aim: Terence, wielding a +0 hand axe and wearing a +0 scale mail (moderately wounded, 81% to hit)
The blast of sand hits Terence.
Terence hits you with a +0 hand axe.
Casting: Sandblast (safe; 8% risk of failure)
Aiming: Sandblast (safe; 8% risk of failure)
Press: ? - help, Shift-Dir - straight line, f/p - Terence
Aim: Terence, wielding a +0 hand axe and wearing a +0 scale mail (heavily wounded, 81% to hit)
The blast of sand hits Terence.
Terence barely misses you.
Casting: Sandblast (safe; 8% risk of failure)
Aiming: Sandblast (safe; 8% risk of failure)
Press: ? - help, Shift-Dir - straight line, f/p - Terence
Aim: Terence, wielding a +0 hand axe and wearing a +0 scale mail (severely wounded, 81% to hit)
The blast of sand hits Terence but does no damage.
Terence closely misses you.
Casting: Sandblast (safe; 8% risk of failure)
Aiming: Sandblast (safe; 8% risk of failure)
Press: ? - help, Shift-Dir - straight line, f/p - Terence
Aim: Terence, wielding a +0 hand axe and wearing a +0 scale mail (severely wounded, 81% to hit)
The blast of sand hits Terence.
Terence barely misses you.
You barely miss Terence. Terence hits you with a +0 hand axe.
You hit Terence but do no damage. You claw Terence, but do no damage.
Terence hits you with a +0 hand axe!
* * * LOW HITPOINT WARNING * * *
You barely miss Terence. Terence hits you with a +0 hand axe!
* * * LOW HITPOINT WARNING * * *
Casting: Sandblast (safe; 8% risk of failure)
Aiming: Sandblast (safe; 8% risk of failure)
Press: ? - help, Shift-Dir - straight line, f/p - Terence
Aim: Terence, wielding a +0 hand axe and wearing a +0 scale mail (almost dead, 81% to hit)
The blast of sand hits Terence but does no damage.
Terence hits you with a +0 hand axe.
You die...

#
#..######
##...###
###...#
###.###
#...# #
###.# .#
#.# ###.#
#.##
#.@.#
#..###@#
##..##.#
##.##.#
#....#
#..###
####


You could see Terence.

Vanquished Creatures
  A gnoll (D:1)
  A ball python (D:2)
  An endoplasm (D:1)
  2 giant cockroaches
  8 goblins
  6 hobgoblins
  3 jackals (D:1)
  2 quokkas
  A frilled lizard (D:2)
  A rat (D:1)
26 creatures vanquished.

Notes
Turn   | Place    | Note
-------+----------+-------------------------------------------
     0 | D:1      | Findor the Tengu Earth Elementalist began the quest for the
                  | Orb.
     0 | D:1      | Reached XP level 1. HP: 10/10 MP: 4/4
   145 | D:1      | Reached skill level 1 in Transmutations
   145 | D:1      | Reached XP level 2. HP: 8/15 MP: 3/6
   195 | D:1      | HP: 3/15 [jackal (1)]
   586 | D:1      | HP: 2/15 [quokka (4)]
  1031 | D:1      | Reached XP level 3. HP: 11/20 MP: 5/7
  1345 | D:1      | Found a faded altar of an unknown god.
  1630 | D:2      | Noticed Robin
  1723 | D:2      | Learned a level 3 spell: Stone Arrow
  1900 | D:2      | Noticed Terence
  1911 | D:2      | HP: 1/20 [Terence (8)]
  1912 | D:2      | Slain by Terence

Levels and vault maps discovered:
D:1:      psy_arrival_radial01, layout_basic,
          dreamdust_ecumenical_altar_hidden_monk_grotto, serial_bayou_lake_a
D:2:      wander_river, layout_rooms, uniq_terence, uniq_robin

Action                   || total
-------------------------++-------
Melee: Dagger            ||    25
       Kick              ||     7
       Unarmed           ||     2
       Peck              ||     3
 Cast: Sandblast         ||    42
 Stab: Sleeping          ||     3
Armor: Robe              ||     6
Dodge: Dodged            ||    28
